 Dungeon Crawl Stone Soup version 0.18-a0-1789-gbeff17f (webtiles) character file.

10001 Moloch the Arsonist (level 11, -2/55 HPs)
             Began as a Deep Elf Fire Elementalist on Apr 21, 2016.
             Was a Priest of Vehumet.
             Slain by an orc knight
             ... wielding a +0 halberd
              (21 damage)
             ... on level 1 of the Orcish Mines.
             The game lasted 00:40:20 (10223 turns).

Moloch the Arsonist (Deep Elf Fire Elementalist)   Turns: 10223, Time: 00:40:23

Health: -2/55      AC:  5    Str:  7    XL:     11   Next: 30%
Magic:  23/27      EV:  9    Int: 26    God:    Vehumet [***...]
Gold:   297        SH:  4    Dex: 15    Spells: 6 memorised, 13 levels left

rFire  + . .     SeeInvis .     T - +1 morningstar (drain)
rCold  . . .     Gourm    .     a - +0 robe
rNeg   . . .     Faith    .     (no shield)
rPois  .         Spirit   .     (no helmet)
rElec  .         Dismiss  .     (no cloak)
rCorr  .         Reflect  +     w - +0 pair of gloves
SustAt .         Harm     .     y - +0 pair of boots
MR     +....                    I - +4 amulet of reflection
Stlth  ++........               N - ring of protection from fire
                                L - +1 ring of protection

@: somewhat resistant to hostile enchantments, unstealthy
A: clever 1, strong 1
a: Renounce Religion


You were on level 1 of the Orcish Mines.
You worshipped Vehumet.
Vehumet was most pleased with you.
You were not hungry.

You visited 2 branches of the dungeon, and saw 11 of its levels.
You also visited: Sewer.

You collected 430 gold pieces.
You spent 133 gold pieces at shops.

Inventory:

Hand Weapons
 o - a +0 shortbow
 C - a +1 blowgun
 T - a +1 morningstar of draining (weapon)
Missiles
 D - 54 poisoned needles
 R - 89 arrows
Armour
 a - a +0 robe (worn)
 w - a +0 pair of gloves (worn)
 y - a +0 pair of boots (worn)
Jewellery
 d - an uncursed ring of stealth
 I - a +4 amulet of reflection (around neck)
 L - a +1 ring of protection (left hand)
 N - a ring of protection from fire (right hand)
Wands
 p - a wand of flame (19/48)
 J - a wand of flame (17/48)
 S - a wand of heal wounds (5/9)
 U - a wand of iceblast (8/15)
 W - a wand of polymorph (10/24)
Scrolls
 h - 4 scrolls of blinking
 i - 2 scrolls of fear
 k - a scroll of immolation {unknown}
 l - 2 scrolls of noise {unknown}
 m - 2 scrolls of teleportation {unknown}
 n - 2 scrolls of enchant weapon
 q - a scroll of enchant armour {unknown}
 x - 2 scrolls of remove curse
 G - 3 scrolls of magic mapping {unknown}
 O - 4 scrolls of fog
 P - 3 scrolls of amnesia {unknown}
 V - 4 scrolls of random uselessness {unknown}
Potions
 e - a potion of magic
 t - 7 potions of curing
 u - 3 potions of haste {unknown}
 v - 3 potions of agility
 z - a potion of berserk rage
 A - a potion of lignification
 E - 4 potions of might {unknown}
 F - 4 potions of heal wounds {unknown}
 H - 2 potions of brilliance {unknown}
 K - 2 potions of invisibility {unknown}
 M - a potion of ambrosia {unknown}
Books
 b - a book of Flames

   Spells                             Type                      Level
   a - Flame Tongue                   Conjuration/Fire             1
   b - Throw Flame                    Conjuration/Fire             2
   c - Conjure Flame                  Conjuration/Fire             3
   d - Inner Flame                    Hexes/Fire                   3
   e - Sticky Flame                   Conjuration/Fire             4
   f - Fireball                       Conjuration/Fire             5
 f - a book of the Tempests

   Spells                             Type                      Level
   a - Static Discharge               Conjuration/Air              3
   b - Lightning Bolt                 Conjuration/Air              5
   c - Fireball                       Conjuration/Fire             5
   d - Tornado                        Air                          9
   e - Shatter                        Earth                        9
Comestibles
 c - 7 bread rations
 j - a slice of pizza
 s - 3 fruits
 B - 4 meat rations
 Q - 3 beef jerkies


   Skills:
 + Level 0.8 Fighting
 + Level 4.1 Dodging
 - Level 2.4 Stealth
 + Level 10.9 Spellcasting
 * Level 12.0 Conjurations
 * Level 12.1 Fire Magic


You had 13 spell levels left.
You knew the following spells:

 Your Spells              Type           Power        Failure   Level  Hunger
a - Flame Tongue          Conj/Fire      #####        1%          1    None
b - Conjure Flame         Conj/Fire      ######..     1%          3    None
c - Sticky Flame          Conj/Fire      ######..     1%          4    None
d - Fireball              Conj/Fire      ######....   1%          5    ###....
e - Magic Dart            Conj           ####         1%          1    None
f - Force Lance           Conj/Tloc      #####...     1%          4    None


Dungeon Overview and Level Annotations

Branches:
Dungeon (10/15)            Temple (0/1) D:7            Lair (0/8) D:9
    Orc (1/2) D:10

Altars:
Cheibriados
Fedhas
Gozag
Makhleb
Okawaru
Pakellas
Qazlal
Vehumet
Xom
Zin
The Shining One

Shops:
D:6 ?   D:8 (

Annotations:
D:3 Grinder


Innate Abilities, Weirdness & Mutations

Your mind is acute. (Int +2)
Your muscles are strong. (Str +2)


Message History

There is a staircase back to the Dungeon here.
Casting: Flame Tongue
Confirm with . or Enter, or press ? or * to list all spells.
Aiming: Sticky Flame
Press: ? - help, Shift-Dir - straight line, f - warg
Aim: a warg (hasn't noticed you)
The sticky flame hits the warg.
The warg is moderately wounded.
The warg howls!
The warg is covered in liquid flames!
The orc shouts!
The orc knight shouts!
The orc warrior shouts!
The orc shouts!
The warg burns!
The warg bites you!
The orc sorcerer mumbles some strange words.
The warg burns!
The warg bites you!
The orc priest calls down the wrath of Beogh upon you.
Beogh smites you!
The orc knight roars a battlecry!
The orcs go into a battle-frenzy!
The orc knight hits you from afar with a halberd!!
You die...

....$.....o..#
.............#.
...........4...
...............
..........o....
......$........
.........o.oo..
..o.ooh@....o..
..o..o.........
....>o.........
...o.o......$..
$..........$...
...T...$......#
.....#.......##
O.....#....###


You could see an orc knight, a hellwing, a troll, a warg (burning), an orc
sorcerer, 2 orc warriors, an ogre (wandering), 2 orc priests, 2 orc wizards and
6 orcs.

Vanquished Creatures
  Erolcha (D:8)
  A death yak (D:9)
  Pikel (D:5)
  A spiny frog (D:9)
  2 trolls (D:9)
  A two-headed ogre (D:9)
  A blink frog (D:9)
  9 yaks
  2 wyverns
  Eustachio (D:4)
  Grum (D:8)
  The ghost of Yehuk the Covered, an amateur DsFi (D:4)
  2 orc warriors
  A slave (D:5)
  10 ice beasts
  2 sky beasts
  A necrophage (D:10)
  3 wolves (D:8)
  A phantom (D:8)
  5 ogres
  2 centaurs
  A water moccasin zombie (D:7)
  4 giant frogs
  2 scorpions
  15 killer bees
  A howler monkey (D:10)
  4 electric eels (D:10)
  The ghost of M4edhros the Grave Robber, a weakling OpNe (D:3)
  A giant frog zombie (D:6)
  A centaur zombie (D:8)
  5 crimson imps
  5 orc priests
  3 jellies
  7 hounds
  4 orc wizards
  An iguana (D:6)
  Jessica (D:3)
  6 worker ants
  A killer bee zombie (D:8)
  3 sheep (D:9)
  2 hound zombies
  A hound skeleton (D:9)
  9 gnolls
  A howler monkey skeleton (D:8)
  8 adders
  6 river rats (Sewer)
  2 shadow imps
  2 oozes
  An adder skeleton (D:4)
  An adder zombie (D:4)
  2 worms
  3 dart slugs
  6 giant geckos
  32 orcs
  9 ball pythons
  8 giant cockroaches
  7 goblins
  5 hobgoblins
  17 jackals
  4 quokkas
  9 bats
  2 giant gecko skeletons
  A giant gecko zombie (D:5)
  10 giant newts
  2 goblin skeletons (D:4)
  A goblin zombie (D:4)
  3 hobgoblin zombies (D:4)
  23 kobolds
  A kobold skeleton (D:4)
  2 kobold zombies (D:4)
  30 rats
325 creatures vanquished.

Notes
Turn   | Place    | Note
--------------------------------------------------------------
     0 | D:1      | Moloch the Deep Elf Fire Elementalist began the quest for the Orb.
     0 | D:1      | Reached XP level 1. HP: 10/10 MP: 6/6
   289 | D:1      | Reached XP level 2. HP: 12/15 MP: 8/8
   749 | D:2      | Reached XP level 3. HP: 16/19 MP: 5/9
   761 | D:2      | Learned a level 3 spell: Conjure Flame
   958 | D:2      | Found a glowing silver altar of Zin.
  1114 | D:2      | Found a blossoming altar of Fedhas.
  1308 | D:2      | Found a shimmering altar of Xom.
  1485 | D:3      | Reached XP level 4. HP: 24/24 MP: 7/11
  1491 | D:3      | Learned a level 4 spell: Sticky Flame
  1588 | D:3      | Found a glowing drain.
  1656 | Sewer    | Entered a sewer
  2053 | Sewer    | Reached XP level 5. HP: 28/28 MP: 10/12
  2377 | D:3      | Found a blossoming altar of Fedhas.
  2378 | D:3      | Noticed Jessica
  2383 | D:3      | Killed Jessica
  2383 | D:3      | Reached skill level 5 in Fire Magic
  2432 | D:3      | Noticed M4edhros's ghost (weakling OpNe)
  2439 | D:3      | Killed M4edhros's ghost
  2605 | D:3      | Noticed Grinder
  2953 | D:4      | Reached XP level 6. HP: 32/32 MP: 8/14
  2960 | D:4      | Learned a level 5 spell: Fireball
  3216 | D:4      | Found an iron altar of Okawaru.
  3294 | D:4      | Noticed Eustachio
  3346 | D:4      | Killed Eustachio
  3346 | D:4      | Reached skill level 5 in Conjurations
  3388 | D:4      | Noticed Yehuk's ghost (amateur DsFi)
  3403 | D:4      | Killed Yehuk's ghost
  3403 | D:4      | Reached skill level 5 in Spellcasting
  3403 | D:4      | Reached XP level 7. HP: 36/36 MP: 4/16
  3720 | D:4      | Found a glowing golden altar of the Shining One.
  4306 | D:5      | Entered Level 5 of the Dungeon
  4540 | D:5      | Reached XP level 8. HP: 36/41 MP: 14/18
  4709 | D:5      | Found an opulent altar of Gozag.
  4865 | D:5      | Found a burning altar of Makhleb.
  4865 | D:5      | Found a radiant altar of Vehumet.
  4940 | D:5      | Became a worshipper of Vehumet
  5108 | D:5      | Noticed Pikel
  5129 | D:5      | Killed Pikel
  5219 | D:5      | Found a snail-covered altar of Cheibriados.
  5571 | D:6      | Found Plog's Magic Scroll Emporium.
  5589 | D:6      | Bought a scroll of identify for 28 gold pieces
  5589 | D:6      | Bought a scroll of blinking for 105 gold pieces
  5662 | D:6      | Reached XP level 9. HP: 45/45 MP: 14/22
  5891 | D:6      | Gained mutation: Your muscles are strong. (Str +2) [mutagenic meat]
  5892 | D:6      | Gained mutation: Your mind is acute. (Int +2) [mutagenic meat]
  6133 | D:6      | Reached * piety under Vehumet
  6133 | D:6      | Offered knowledge of Magic Dart by Vehumet.
  6141 | D:6      | Learned a level 1 spell: Magic Dart
  6165 | D:6      | Found a stormy altar of Qazlal.
  7373 | D:7      | Found a staircase to the Ecumenical Temple.
  7739 | D:8      | Reached skill level 10 in Fire Magic
  7979 | D:8      | Noticed Grum
  7992 | D:8      | Killed Grum
  7992 | D:8      | Reached ** piety under Vehumet
  7992 | D:8      | Offered knowledge of Freeze by Vehumet.
  7992 | D:8      | Reached skill level 10 in Conjurations
  8133 | D:8      | Reached XP level 10. HP: 48/50 MP: 21/25
  8156 | D:8      | Found Xarilym's Weapon Shop.
  8241 | D:8      | Found an oddly glowing altar of Pakellas.
  8256 | D:8      | Noticed Erolcha
  8260 | D:8      | Killed Erolcha
  8696 | D:9      | Offered knowledge of Ignite Poison by Vehumet.
  8696 | D:9      | Reached skill level 10 in Spellcasting
  8866 | D:9      | Noticed a spiny frog
  8872 | D:9      | Killed a spiny frog
  8879 | D:9      | Reached *** piety under Vehumet
  9095 | D:9      | Found a staircase to the Lair.
  9098 | D:9      | Noticed a death yak
  9100 | D:9      | Reached XP level 11. HP: 55/55 MP: 10/27
  9102 | D:9      | Killed a death yak
  9584 | D:10     | Entered Level 10 of the Dungeon
  9719 | D:10     | Offered knowledge of Force Lance by Vehumet.
  9847 | D:10     | Learned a level 4 spell: Force Lance
 10197 | D:10     | Found a staircase to the Orcish Mines.
 10221 | Orc:1    | Entered Level 1 of the Orcish Mines
 10221 | Orc:1    | Noticed an orc sorcerer
 10221 | Orc:1    | Noticed an orc knight
 10223 | Orc:1    | Slain by an orc knight

Vault maps used:
D:1:      dpeg_arrival_water_fire, st_stairs_5
D:2:      lemuel_crystal_altar, nicolae_overflow_hidden_temple,
          old_standard_altar, first_bread
D:3:      portal_sewer_entry_b, st_stairs_11, fedhas_altar_2, uniq_jessica,
          uniq_grinder
D:4:      nicolae_tso_besieged_by_evil, okawaru_altar_gauntlet_db,
          uniq_eustachio
D:5:      kennysheep_ying_yang, grunt_temple_overflow_lords_of_destruction,
          nicolae_overflow_crystal_walls, lemuel_coloured_pillars_altar,
          minmay_misc_feat_iff, uniq_pikel
D:6:      serial_shops, shop, grunt_qazlal_clouds
D:7:      minmay_temple_entry_fiery
D:8:      kennysheep_little_box, serial_shops, shop_fountains, uniq_grum,
          uniq_erolcha
D:9:      dpeg_lair_monsters
D:10:     minmay_twisted_water, uniq_sonja
Sewer:    sewer_minmay_treatment

Skill      XL: |  1  2  3  4  5  6  7  8  9 10 11 |
---------------+----------------------------------+-----
Conjurations   | 2 3 4 5 6 8 10 11 12 | 12.0
Fire Magic     | 4 5 6 7 8 10 11 12 | 12.1
Spellcasting   | 4 5 7 9 10 | 10.9
Dodging        | 3 4 |  4.1
Fighting       | |  0.8
Stealth        | |  2.4

Action                   |  1- 3 |  4- 6 |  7- 9 | 10-12 || total
-------------------------+-------+-------+-------+-------++-------
Melee: Unarmed           |       |       |     8 |       ||     8
       Flail             |       |       |   255 |       ||   255
       Morningstar       |       |       |    30 |    12 ||    42
 Fire: Hunting sling     |    51 |   116 |   174 |       ||   341
 Cast: Flame Tongue      |    51 |   117 |   214 |    77 ||   459
       Sticky Flame      |       |     3 |    30 |    15 ||    48
       Conjure Flame     |       |     2 |     4 |     3 ||     9
       Fireball          |       |       |     6 |    29 ||    35
       Magic Dart        |       |       |       |     2 ||     2
  Use: Scroll            |       |       |     4 |     7 ||    11
  Eat: Chunk             |     2 |     6 |    20 |    10 ||    38
       Beef jerky        |       |       |     1 |       ||     1
Armor: Robe              |     3 |    15 |    87 |     3 ||   108
Dodge: Dodged            |    17 |    54 |   300 |    17 ||   388
Block: Other             |       |     4 |    67 |     1 ||    72
